 Dungeon Crawl Stone Soup version 0.23-a0-644-gb60d84b (webtiles) character file.

914 Borgoz the Ruffian (level 8, -11/68 HPs)
             Began as a Ghoul Gladiator on Jan 1, 2019.
             Was a Believer of Okawaru.
             Mangled by Edmund
             ... wielding a +1 dire flail of holy wrath
              (13 damage)
             ... on level 5 of the Dungeon.
             The game lasted 00:06:28 (2835 turns).

Borgoz the Ruffian (Ghoul Gladiator)                Turns: 2835, Time: 00:06:29

Health: -11/68     AC:  9    Str: 18    XL:     8   Next: 9%
Magic:  7/7        EV: 13    Int:  3    God:    Okawaru [**....]
Gold:   175        SH:  0    Dex: 12    Spells: 7/7 levels left

rFire    + + .     SeeInvis .     - Unarmed
rCold    + + .     Gourm    .   (no shield)
rNeg     + + +     Faith    .   h - +2 ring mail {rF+}
rPois    ∞         Spirit   .   b - +0 helmet
rElec    .         Reflect  .   i - scarf {rC+ rF+}
rCorr    .         Harm     .   (no gloves)
MR       .....                  (no boots)
Stlth    +.........             (no amulet)
HPRegen  0.00/turn              (no ring)
MPRegen  0.10/turn              (no ring)

@: rotting
A: rotting body, claws 1, carnivore, cold resistance 1, negative energy
resistance 3, inhibited regeneration, torment resistance, unbreathing
a: Heroism, Renounce Religion


You were on level 5 of the Dungeon.
You worshipped Okawaru.
Okawaru was pleased with you.
You were not hungry.

You visited 1 branch of the dungeon, and saw 5 of its levels.

You collected 175 gold pieces.

Inventory:

Missiles
 c - 3 throwing nets (quivered)
 q - 2 tomahawks
 r - 2 tomahawks of returning
Armour
 b - a +0 helmet (worn)
 h - a +2 ring mail of fire resistance (worn)
 i - a scarf of resistance (worn)
Wands
 o - a wand of random effects (4)
Scrolls
 a - 2 scrolls of immolation {unknown}
 f - a scroll of amnesia {unknown}
 g - a scroll of enchant weapon {unknown}
 j - a scroll of blinking {unknown}
 k - 4 scrolls of identify {unknown}
 l - 2 scrolls of remove curse {unknown}
 m - a scroll of magic mapping {unknown}
 n - a scroll of fear {unknown}
Potions
 e - 2 potions of curing
Comestibles
 d - 9 rations
 p - a chunk of flesh


   Skills:
 + Level 5.2 Fighting
 - Level 1.7 Throwing
 + Level 3.8 Armour
 + Level 4.9 Dodging
 + Level 5.9 Unarmed Combat


You had 7 spell levels left.
You didn't know any spells.
Your spell library was empty.

Dungeon Overview and Level Annotations

Branches:
Dungeon (5/15)
 Temple: D:4-7

Altars:
Cheibriados
Elyvilon
Gozag
Okawaru
Yredelemnul

Annotations:
D:5 Edmund


Innate Abilities, Weirdness & Mutations

Your body is rotting away.
You thrive on raw meat.
You are immune to poison.
You have sharp fingernails.
You are carnivorous and can eat meat at any time.
Your flesh is cold resistant. (rC+)
You are immune to negative energy. (rN+++)
You do not regenerate when monsters are visible.
You are immune to unholy pain and torment.
You can survive without breathing.


Message History

Edmund hits you with a +1 dire flail of holy wrath.
You convulse.
You claw Edmund!
Edmund is heavily wounded.
Edmund hits you with a +1 dire flail of holy wrath!
* * * LOW HITPOINT WARNING * * *
You convulse.
* * * LOW HITPOINT WARNING * * *
You scratch Edmund but do no damage.
Edmund is heavily wounded.
Edmund closely misses you.
Unknown command.
You scratch Edmund.
Edmund is heavily wounded.
You scratch Edmund.
Edmund is heavily wounded.
Edmund hits you with a +1 dire flail of holy wrath!
* * * LOW HITPOINT WARNING * * *
You convulse!
You die...

#..##.. ##.#### #.## #
#..# ##.## #### #..##
....### #..## ##....#####
##... ###....#@@..######
#...#
.......a###......#####....
..?.....#######.......#...
.........# ####....##..
.........# ###..###.
..........# #.## ##
..........# #.#
.........## #.# ........##
#.#


You could see Edmund and a worker ant.

Vanquished Creatures
  A hippogriff (D:4)
  Sigmund (D:3)
  A phantom (D:4)
  A bullfrog (D:2)
  A scorpion (D:4)
  A crimson imp (D:5)
  An orc priest (D:3)
  An iguana (D:4)
  Ijyb (D:3)
  3 orc wizards (D:4)
  A worker ant (D:4)
  5 adders
  An adder skeleton (D:3)
  2 worms
  2 dart slugs
  6 leopard geckos
  15 orcs
  5 giant cockroaches
  9 goblins
  5 hobgoblins
  3 jackals
  9 kobolds
  2 quokkas
  3 ball pythons
  11 bats
  5 frilled lizards
  A jackal skeleton (D:4)
  A quokka skeleton (D:4)
  5 rats
103 creatures vanquished.

Notes
Turn   | Place    | Note
-------+----------+-------------------------------------------
     0 | D:1      | Borgoz the Ghoul Gladiator began the quest for the Orb.
     0 | D:1      | Reached XP level 1. HP: 17/17 MP: 0/0
   115 | D:1      | Reached XP level 2. HP: 21/25 MP: 1/1
   600 | D:1      | Reached XP level 3. HP: 28/29 MP: 2/2
   668 | D:2      | Reached skill level 1 in Armour
   898 | D:3      | Reached XP level 4. HP: 37/37 MP: 3/3
   902 | D:3      | Found an iron altar of Okawaru.
   920 | D:3      | Became a worshipper of Warmaster Okawaru
   942 | D:2      | Found a basalt altar of Yredelemnul.
  1266 | D:3      | Noticed a bullfrog
  1289 | D:2      | Killed a bullfrog
  1289 | D:2      | Reached XP level 5. HP: 31/45 MP: 4/4
  1365 | D:3      | Noticed Sigmund
  1382 | D:3      | Killed Sigmund
  1382 | D:3      | Reached XP level 6. HP: 35/52 MP: 5/5
  1498 | D:3      | Noticed Ijyb
  1520 | D:3      | Killed Ijyb
  1839 | D:4      | Found a white marble altar of Elyvilon.
  1854 | D:4      | Reached * piety under Okawaru
  1854 | D:4      | Reached skill level 5 in Unarmed Combat
  1854 | D:4      | Reached XP level 7. HP: 51/59 MP: 6/6
  2012 | D:4      | Noticed a hippogriff
  2023 | D:4      | Killed a hippogriff
  2294 | D:4      | Reached skill level 5 in Fighting
  2303 | D:4      | Found a snail-covered altar of Cheibriados.
  2396 | D:4      | Reached ** piety under Okawaru
  2396 | D:4      | Reached XP level 8. HP: 34/68 MP: 7/7
  2664 | D:5      | Entered Level 5 of the Dungeon
  2731 | D:5      | Found an opulent altar of Gozag.
  2818 | D:5      | Noticed Edmund
  2835 | D:5      | HP: 2/68 [Edmund/+1 dire flail of holy wrath (11)]
  2835 | D:5      | Mangled by Edmund

Vault maps used:
D:1:      lightli_arrival_statuegarden
D:2:      serial_corexii_hall, chequers_hall_statues_corner_a,
          corexii_hall_statues_x, corexii_hall_statues_l,
          yredelemnul_altar_generic
D:3:      okawaru_metal_pillars_1_2, first_ration, uniq_sigmund, uniq_ijyb
D:4:      wad_river_or_something, elyvilon_altar_4, kennysheep_slug_shrine
D:5:      kennysheep_mini_moat, dancing_weapons_uskayaw, grunt_gozag_statues,
          uniq_edmund

Skill      XL: |  1  2  3  4  5  6  7 |
---------------+----------------------+-----
Dodging        | 3 4 |  4.9
Armour         | 1 2 3 |  3.8
Fighting       | 3 4 5 |  5.2
Unarmed Combat | 4 5 |  5.9
Throwing       | |  1.7

Action                   |  1- 3 |  4- 6 |  7- 9 || total
-------------------------+-------+-------+-------++-------
Melee: Unarmed           |   111 |   162 |   149 ||   422
       Punch             |     2 |     2 |     5 ||     9
  Use: Potion            |       |       |     2 ||     2
  Eat: Chunk             |     9 |    11 |    19 ||    39
Armor: Leather armour    |    18 |       |       ||    18
       Ring mail         |    36 |    68 |    41 ||   145
Dodge: Dodged            |    69 |   101 |    79 ||   249

Table legend:
 A = Non-vault XP
 B = Vault XP
 C = Vault XP percentage of total XP
 D = Non-vault monster count
 E = Vault monster count
 F = Vault count percentage of total count
                 A         B        C        D         E       F
            +---------+---------+-------+---------+---------+-------
      Total |     915 |     392 |  30.0 |      95 |       8 |   7.8
            +---------+---------+-------+---------+---------+-------
        D:1 |      34 |       0 |   0.0 |      22 |       0 |   0.0
        D:2 |     159 |       0 |   0.0 |      28 |       0 |   0.0
        D:3 |     114 |     248 |  68.5 |      24 |       2 |   7.7
        D:4 |     545 |     144 |  20.9 |      19 |       6 |  24.0
        D:5 |      63 |       0 |   0.0 |       2 |       0 |   0.0
            +---------+---------+-------+---------+---------+-------
